 Dungeon Crawl Stone Soup version 0.24.0-123-gd5b16e6ec5 (webtiles) character file.

Game seed: 27644995559094677, levelgen mode: deterministic

93408 platon the Nimble (level 15, 0/98 HPs)
             Began as a Vampire Necromancer on Jan 14, 2020.
             Was the Champion of Kikubaaqudgha.
             Slain by a +7 battleaxe of flaming (1 damage)
             ... on level 1 of the Elven Halls on Jan 15, 2020.
             The game lasted 02:44:18 (26143 turns).

platon the Nimble (Vampire Necromancer)            Turns: 26143, Time: 02:44:18

Health: 0/98       AC: 17    Str:  7    XL:     15   Next: 60%
Magic:  40/40      EV: 31    Int: 28    God:    Kikubaaqudgha [******]
Gold:   1753       SH:  0    Dex: 19    Spells: 17/38 levels left

rFire    . . .     SeeInvis +   b - +5 short sword (protect)
rCold    + . .     Gourm    .   (no shield)
rNeg     + . .     Faith    .   Q - +2 leather armour of Fashionability {rPois rC+ Slay+2}
rPois    +         Spirit   .   B - +1 helmet of the Arcane {rN+}
rElec    .         Reflect  .   (no cloak)
rCorr    .         Harm     .   v - +2 pair of gloves
MR       ++...                  (no boots)
Stlth    ++++++....             a - amulet "Qaed" {Acrobat MR+ Dex+3 Slay+3}
HPRegen  0.46/turn              w - ring of magical power
MPRegen  0.27/turn              J - ring of Phasing {EV+8}

@: brilliant, protection aura, regenerating quickly, studying Long Blades
A: no food, fangs 3, see invisible, unbreathing
a: Exsanguinate, Receive Corpses, Torment, Brand Weapon With Pain, Receive
Necronomicon, Renounce Religion


You were on level 1 of the Elven Halls.
You worshipped Kikubaaqudgha.
Kikubaaqudgha was exalted by your worship.
You were alive.

You visited 6 branches of the dungeon, and saw 23 of its levels.

You collected 2169 gold pieces.
You spent 416 gold pieces at shops.

Inventory:

Hand Weapons
 b - a +5 short sword of protection (weapon)
 G - a +4 dagger of chaos
Missiles
 f - 3 atropa-tipped darts
 n - 4 throwing nets
 q - 2 silver javelins
 x - 63 poisoned darts (quivered)
 N - 13 curare-tipped darts
Armour
 u - the +1 robe of Sif Muna's Hatred {Stlth+}
   (You found it on level 7 of the Dungeon)

   It makes you more stealthy.
 v - a +2 pair of gloves (worn)
 B - the +1 helmet of the Arcane (worn) {rN+}
   (You took it off Robin on level 4 of the Dungeon)

   It protects you from negative energy.
 C - the +2 pair of boots "Arelot" {rPois Regen+ SInv Stlth-}
   (You found it on level 6 of the Lair of Beasts)

   It protects you from poison.
   It lets you see invisible.
   It increases your rate of regeneration.
   It makes you less stealthy.
 Q - the +2 leather armour of Fashionability (worn) {rPois rC+ Slay+2}
   (You found it on level 11 of the Dungeon)

   It affects your accuracy and damage with ranged weapons and melee attacks
   (+2).
   It protects you from cold.
   It protects you from poison.
Jewellery
 a - the amulet "Qaed" (around neck) {Acrobat MR+ Dex+3 Slay+3}
   (You found it on level 6 of the Lair of Beasts)

   [amulet of the acrobat]

   It helps you evade while moving and waiting.
   It affects your dexterity (+3).
   It affects your accuracy and damage with ranged weapons and melee attacks
   (+3).
   It affects your resistance to hostile enchantments.
 w - a ring of magical power (left hand)
 D - an uncursed ring of poison resistance
 J - the ring of Phasing (right hand) {EV+8}
   (You found it on level 7 of the Dungeon)

   [ring of evasion]

   It affects your evasion (+8).
 P - the amulet of Ageamnil {Spirit MR+ Stlth+}
   (You found it on level 11 of the Dungeon)

   [amulet of guardian spirit]

   It causes incoming damage to be split between your health and magic.
   It affects your resistance to hostile enchantments.
   It makes you more stealthy.
 R - a +6 amulet of reflection
Wands
 c - a wand of flame (55)
 p - a wand of iceblast (30)
 A - a wand of polymorph (6)
 M - a wand of random effects (46)
 V - a wand of acid (10)
Scrolls
 d - a scroll of blinking
 e - a scroll of fear
 h - 2 scrolls of enchant armour
 i - a scroll of identify
 k - 7 scrolls of teleportation
 m - 6 scrolls of remove curse
 y - 2 scrolls of magic mapping
 E - 5 scrolls of fog {unknown}
 F - 4 scrolls of amnesia
 W - a scroll of noise {unknown}
Potions
 g - 2 potions of ambrosia
 j - 6 potions of brilliance
 o - 5 potions of flight
 r - a potion of magic {unknown}
 t - 5 potions of curing
 z - 2 potions of might
 L - 2 potions of cancellation
 T - a potion of agility
 U - a potion of haste {unknown}
 X - a potion of resistance
Books
 l - a manual of Long Blades
Miscellaneous
 K - a box of beasts
 O - a phial of floods
 Y - a lamp of fire


   Skills:
 - Level 3.0 Fighting
 + Level 10.2 Short Blades
 + Level 3.0 Throwing
 - Level 2.2 Armour
 * Level 14.8 Dodging
 * Level 14.0 Stealth
 * Level 12.4 Spellcasting
 + Level 2.9 Conjurations
 + Level 2.4 Charms
 + Level 12.9 Necromancy
 + Level 1.3 Evocations


You had 17 spell levels left.
You knew the following spells:

 Your Spells              Type           Power        Failure   Level  Hunger
a - Pain                  Necr           ####         0%          1    N/A
b - Vampiric Draining     Necr           #######...   1%          3    N/A
c - Animate Dead          Necr           N/A          1%          4    N/A
d - Regeneration          Chrm/Necr      ######....   1%          3    N/A
e - Dispel Undead         Necr           #######.     1%          5    N/A
f - Bolt of Draining      Conj/Necr      ######....   1%          5    N/A

Your spell library contained the following spells:

 Spells                   Type           Power        Failure   Level  Hunger
 Animate Skeleton         Necr           N/A          0%          1    N/A
 Magic Dart               Conj           ####         1%          1    N/A
 Shock                    Conj/Air       ####         1%          1    N/A
 Sting                    Conj/Pois      ####         1%          1    N/A
 Blink                    Tloc           N/A          1%          2    N/A
 Call Imp                 Summ           ####....     1%          2    N/A
 Corpse Rot               Necr           N/A          1%          2    N/A
 Poisonous Vapours        Pois/Air       ####..       1%          2    N/A
 Slow                     Hex            ####....     1%          2    N/A
 Sublimation of Blood     Necr           #######...   1%          2    N/A
 Conjure Flame            Conj/Fire      #####...     1%          3    N/A
 Mephitic Cloud           Conj/Pois/Air  #####...     1%          3    N/A
 Excruciating Wounds      Chrm/Necr      ######....   1%          5    N/A
 Airstrike                Air            ####......   5%          4    N/A
 Olgreb's Toxic Radiance  Pois           ####....     5%          4    N/A
 Simulacrum               Ice/Necr       ######....   5%          6    N/A
 Venom Bolt               Conj/Pois      #####.....   8%          5    N/A
 Conjure Ball Lightning   Conj/Air       #####.....   34%         6    N/A
 Tornado                  Air            ####......   100%        9    N/A

Dungeon Overview and Level Annotations

Branches:
Dungeon (12/15)            Temple (1/1) D:4            Lair (6/6) D:10
  Swamp (1/4) Lair:3       Spider (0/4) Lair:2        Slime (0/5) Lair:6
    Orc (2/2) D:10            Elf (1/3) Orc:2

Altars:
Ashenzari
Cheibriados
Dithmenos
Elyvilon
Fedhas
Gozag
Hepliaklqana
Kikubaaqudgha
Makhleb
Nemelex Xobeh
Okawaru
Qazlal
Ru
Sif Muna
Trog
Uskayaw
Vehumet
Wu Jian
Xom
Yredelemnul
Zin
The Shining One
Beogh
Jiyva

Shops:
D:8 =   Orc:1 ?   Orc:2 (%[(

Annotations:
D:8 3 runed translucent doors, EtherCrawl's ghost, novice MfVM
D:10 exclusion: oklob plant


Innate Abilities, Weirdness & Mutations

You do not eat.
Your natural rate of healing is unusually fast.
You have razor-sharp teeth.
You have supernaturally acute eyesight. (SInv)
You can survive without breathing.


Message History

The +7 battleaxe of flaming burns you.
* * * LOW HITPOINT WARNING * * *
You closely miss the +7 battleaxe of flaming.
The +7 battleaxe of flaming is moderately damaged.
Unknown command.
You feel much better. The +7 battleaxe of flaming hits you!!
* * * LOW HITPOINT WARNING * * *
The +7 battleaxe of flaming burns you!
* * * LOW HITPOINT WARNING * * *
Unknown command.
You feel much better. The +7 battleaxe of flaming hits you!!
* * * LOW HITPOINT WARNING * * *
The +7 battleaxe of flaming burns you!
* * * LOW HITPOINT WARNING * * *
You feel clever all of a sudden. The +7 battleaxe of flaming hits you.
* * * LOW HITPOINT WARNING * * *
The +7 battleaxe of flaming burns you.
You die...
Kikubaaqudgha rasps: "You have failed me!
Welcome... death!"

...........#.######.###..)
...........#.# #.# ##..
#........#.# #.# ###
##.......#.# ##'##
#+####)##.# ##...## ##
#.##.# ##.....###.
#E##.###.......))( #
#(##.##........##)
#.####@##.##........##+
#.........##...........
+...####.....+...........
### #######...........
#........... ##..........
##.....#... ##...###..
##### ###


You could see a water elemental and a +7 battleaxe of flaming.

Vanquished Creatures
  A dire elephant (Lair:6)
  An ettin (Orc:1)
  Snorg (Lair:4)
  Josephine (Lair:5)
  4 ogre magi
  Harold (D:9)
  3 hydras
  A catoblepas (Lair:4)
  15 two-headed ogres
  2 dancing weapons (Elf:1)
  Sonja (D:11)
  A deep elf knight (Elf:1)
  3 skeletal warriors
  2 unseen horrors (D:10)
  A lindwurm (Lair:5)
  A harpy (Lair:6)
  A deep elf archer (Elf:1)
  An orc sorcerer (Orc:2)
  A cyclops (Orc:1)
  9 deep elf magi
  A wolf spider (Lair:2)
  A black mamba (Lair:2)
  10 elephants
  Psyche (D:9)
  10 spiny frogs
  A torpor snail (Lair:5)
  5 komodo dragons
  2 rime drakes (Lair:6)
  A queen bee (Lair:1)
  2 trolls
  A tyrant leech (Lair:3)
  A polar bear (Lair:6)
  5 hornets
  4 blink frogs
  4 hippogriffs
  Sigmund (D:6)
  An air elemental (Elf:1)
  5 wraiths
  4 basilisks
  32 yaks
  A hungry ghost (D:8)
  A steam dragon (Lair:3)
  Menkaure (D:5)
  2 wargs
  A swamp drake (Lair:3)
  12 water moccasins
  5 porcupines
  An ice beast (D:5)
  9 orc warriors
  A phantom (D:7)
  A black bear (D:11)
  A necrophage (D:11)
  30 ogres
  A sky beast (D:9)
  4 wolves (Lair:3)
  5 centaurs
  19 crocodiles
  9 bullfrogs
  An earth elemental (Elf:1)
  2 big kobolds
  4 scorpions
  24 killer bees
  8 wights
  3 electric eels
  2 howler monkeys (D:11)
  6 crimson imps
  A bullfrog zombie (D:5)
  2 jellies
  3 centaur zombies
  3 quasits
  5 hounds
  4 bullfrog skeletons
  8 orc priests
  Ijyb (D:3)
  Jessica (D:2)
  A centaur skeleton (D:10)
  8 iguanas
  7 worker ants
  7 orc wizards
  A hound skeleton (D:6)
  Robin (D:4)
  7 gnolls
  10 adders
  4 shadow imps
  An adder zombie (D:6)
  2 oozes
  3 worms
  2 dart slugs (D:1)
  9 leopard geckos
  52 orcs
  4 giant cockroaches
  23 goblins
  9 hobgoblins
  13 jackals
  5 quokkas
  A ball python (D:2)
  8 bats
  9 frilled lizards
  A giant cockroach zombie (D:6)
  14 kobolds
  A leopard gecko skeleton (D:5)
  A quokka skeleton (D:6)
  6 rats
  A plant (D:10)
536 creatures vanquished.

Vanquished Creatures (collateral kills)
  A merfolk avatar (Lair:6)
  A two-headed ogre (Orc:2)
  A harpy (Lair:6)
  A deep elf mage (Elf:1)
  A manticore (Lair:5)
  6 elephants (Lair:6)
  4 spiny frogs
  2 rime drakes
  2 komodo dragons (Lair:6)
  A troll (Orc:2)
  2 hornets
  A polar bear (Lair:6)
  5 blink frogs
  A hippogriff (Lair:2)
  4 yaks
  A basilisk (Lair:6)
  3 water moccasins
  A porcupine (Lair:5)
  A hornet zombie (D:9)
  2 orc warriors (Orc:2)
  A sky beast (D:11)
  A wolf (Lair:3)
  5 ogres
  A centaur (D:5)
  2 crocodiles
  A bullfrog (Lair:5)
  A scorpion (D:9)
  9 killer bees
  A wight (D:7)
  A jelly (D:10)
  A crimson imp (D:11)
  2 orc priests
  3 orc wizards
  2 worker ants (D:10)
  An adder (D:5)
  A leopard gecko (Lair:3)
  8 orcs
  A goblin (D:3)
  2 frilled lizards (Lair:3)
  A kobold (D:9)
  3 fungi
  4 plants
93 creatures vanquished.

Vanquished Creatures (others)
  A wolf (Lair:3)
  2 crocodiles (Lair:3)
  An iguana (Lair:3)
  A leopard gecko (Lair:3)
  2 orcs (Orc:2)
  2 frilled lizards (Lair:3)
  10 fungi
  8 plants
27 creatures vanquished.

Grand Total: 656 creatures vanquished

Notes
Turn   | Place    | Note
-------+----------+-------------------------------------------
     0 | D:1      | platon the Vampire Necromancer began the quest for the Orb.
     0 | D:1      | Reached XP level 1. HP: 13/13 MP: 3/3
   164 | D:1      | Reached XP level 2. HP: 12/19 MP: 1/5
   532 | D:1      | Reached XP level 3. HP: 24/24 MP: 6/6
   728 | D:1      | Learned a level 3 spell: Vampiric Draining
  1092 | D:2      | Reached XP level 4. HP: 31/31 MP: 5/8
  1393 | D:2      | Found a shattered altar of Ashenzari.
  1510 | D:2      | Learned a level 4 spell: Animate Dead
  1811 | D:2      | Noticed Jessica
  1818 | D:2      | Killed Jessica
  1933 | D:2      | Found an ornate altar of the Wu Jian Council.
  1933 | D:2      | Found a shimmering altar of Xom.
  1962 | D:2      | Found a shadowy altar of Dithmenos.
  1964 | D:2      | Found a snail-covered altar of Cheibriados.
  1966 | D:2      | Found a faded altar of an unknown god.
  2246 | D:3      | Reached skill level 1 in Short Blades
  2246 | D:3      | Reached XP level 5. HP: 35/36 MP: 6/9
  2916 | D:3      | Found a burning altar of Makhleb.
  2989 | D:3      | Noticed Ijyb
  2996 | D:3      | HP: 1/36 [Ijyb/iceblast (8)]
  3000 | D:3      | Killed Ijyb
  3000 | D:3      | Reached skill level 5 in Stealth
  3074 | D:3      | Learned a level 3 spell: Regeneration
  3297 | D:3      | Reached skill level 1 in Fighting
  3647 | D:4      | HP: 1/37 [gnoll/+0 whip (10)]
  3648 | D:4      | Reached XP level 6. HP: 2/43 MP: 1/11
  3843 | D:4      | Found a staircase to the Ecumenical Temple.
  3852 | Temple   | Entered the Ecumenical Temple
  4331 | D:4      | Identified the +1 helmet of the Arcane {rN+}
  4331 | D:4      | Noticed Robin
  4514 | D:4      | Killed Robin
  4878 | D:5      | Entered Level 5 of the Dungeon
  4912 | D:5      | Reached XP level 7. HP: 35/48 MP: 8/13
  5048 | D:5      | Noticed Menkaure
  5264 | D:5      | Reached skill level 5 in Dodging
  5415 | D:5      | Reached skill level 5 in Necromancy
  5792 | D:5      | Found an opulent altar of Gozag.
  6176 | D:6      | Noticed Sigmund
  6221 | D:6      | Found a white marble altar of Elyvilon.
  6246 | D:6      | Reached XP level 8. HP: 50/56 MP: 9/14
  6442 | D:6      | Killed Sigmund
  6651 | D:6      | Found a blossoming altar of Fedhas.
  6687 | D:6      | Found a bloodstained altar of Trog.
  6943 | D:6      | Found a sparkling altar of Nemelex Xobeh.
  7336 | D:7      | Reached skill level 1 in Throwing
  7994 | D:7      | Noticed an orc knight
  8000 | D:7      | Noticed a komodo dragon
  8114 | D:7      | Identified the Disquisition on Feathers
  8117 | D:7      | Found the ring of Phasing {EV+8}
  8121 | D:7      | Got a creamy pearl robe
  8137 | D:7      | Identified the +1 robe of Sif Muna's Hatred {Stlth+} (You
                  | found it on level 7 of the Dungeon)
  8156 | D:7      | Reached XP level 9. HP: 62/62 MP: 15/15
  8250 | D:7      | Found an ancient bone altar of Kikubaaqudgha.
  8285 | D:7      | Became a worshipper of Kikubaaqudgha
  8442 | D:7      | Found a sparkling altar of Nemelex Xobeh.
  8747 | D:5      | Killed Menkaure
  9394 | D:8      | Found Fipigh's Jewellery Boutique.
  9861 | D:8      | Found a runed translucent gate.
  9862 | D:8      | Found a runed translucent gate.
  9862 | D:8      | Found an opulent altar of Gozag.
  9863 | D:8      | Found a runed translucent gate.
  9868 | D:8      | Noticed EtherCrawl's ghost (novice MfVM)
 10100 | D:8      | Bought an uncursed ring of magical power for 280 gold
                  | pieces
 10237 | D:9      | Noticed Harold
 10253 | D:9      | Noticed Psyche
 10275 | D:9      | Killed Harold
 10306 | D:9      | Killed Psyche
 10320 | D:9      | Reached XP level 10. HP: 34/70 MP: 2/16
 10530 | D:9      | Reached * piety under Kikubaaqudgha
 10530 | D:9      | Identified Kikubaaqudgha's Tome of Dark Rites
                  | (Kikubaaqudgha gifted it to you on level 9 of the Dungeon)
 10530 | D:9      | Received a gift from Kikubaaqudgha
 10644 | D:9      | Found a glowing golden altar of the Shining One.
 10942 | D:9      | Noticed a two-headed ogre
 10963 | D:9      | Killed a two-headed ogre
 10963 | D:9      | Reached skill level 5 in Short Blades
 10963 | D:9      | Reached skill level 10 in Dodging
 11394 | D:9      | Paralysed by a hornet for 3 turns
 11782 | D:10     | Entered Level 10 of the Dungeon
 11782 | D:10     | Noticed an unseen horror
 11784 | D:10     | Killed an unseen horror
 11784 | D:10     | Reached skill level 5 in Spellcasting
 11845 | D:10     | Noticed an oklob plant
 11957 | D:10     | Reached skill level 10 in Stealth
 12046 | D:10     | Found a staircase to the Lair.
 12099 | D:10     | Reached ** piety under Kikubaaqudgha
 12260 | D:10     | Reached skill level 10 in Necromancy
 12348 | D:10     | Noticed an unseen horror
 12359 | D:10     | Killed an unseen horror
 12395 | D:10     | Found a staircase to the Orcish Mines.
 12414 | D:10     | Reached XP level 11. HP: 75/75 MP: 18/18
 13135 | D:11     | Noticed a skeletal warrior
 13135 | D:11     | Noticed a skeletal warrior
 13135 | D:11     | Noticed a skeletal warrior
 13561 | D:11     | Got a transparent silver amulet
 13589 | D:11     | Found a gate leading to a gauntlet.
 13615 | D:11     | Noticed a skeletal warrior
 13656 | D:11     | Noticed a two-headed ogre
 13714 | D:11     | Killed a two-headed ogre
 13936 | D:11     | Noticed Sonja
 13939 | D:11     | Killed Sonja
 13969 | D:11     | Got an ancient leather armour
 14223 | D:10     | Identified the amulet of Ageamnil {Spirit MR+ Stlth+} (You
                  | found it on level 11 of the Dungeon)
 14506 | D:11     | Reached *** piety under Kikubaaqudgha
 14506 | D:11     | Identified Kikubaaqudgha's Collected Works on Necromancy
                  | (Kikubaaqudgha gifted it to you on level 11 of the Dungeon)
 14506 | D:11     | Received a gift from Kikubaaqudgha
 14516 | D:11     | Learned a level 5 spell: Dispel Undead
 14552 | D:11     | Killed a skeletal warrior
 14629 | D:10     | Killed a skeletal warrior
 14868 | D:11     | Killed a skeletal warrior
 15198 | Lair:1   | Entered Level 1 of the Lair of Beasts
 15450 | Lair:1   | Reached **** piety under Kikubaaqudgha
 16061 | Lair:1   | Identified the +2 leather armour of Fashionability {rPois
                  | rC+ Slay+2} (You found it on level 11 of the Dungeon)
 16067 | Lair:1   | Learned a level 5 spell: Bolt of Draining
 16101 | Lair:2   | Noticed a seven-headed hydra
 16111 | Lair:2   | Killed a seven-headed hydra
 16111 | Lair:2   | Reached XP level 12. HP: 81/81 MP: 22/22
 16345 | Lair:2   | Reached skill level 1 in Charms
 16649 | Lair:2   | Found a hole to the Spider Nest.
 18005 | Lair:3   | Reached ***** piety under Kikubaaqudgha
 18084 | Lair:3   | Noticed a five-headed hydra
 18096 | Lair:3   | Killed a five-headed hydra
 18096 | Lair:3   | Reached skill level 1 in Armour
 18275 | Lair:3   | Found a staircase to the Swamp.
 18718 | Lair:4   | Noticed a catoblepas
 18719 | Lair:4   | Noticed Snorg
 18731 | Lair:4   | Killed Snorg
 18811 | Lair:4   | Killed a catoblepas
 19490 | Lair:5   | Found an iron altar of Okawaru.
 19628 | Lair:5   | Noticed Josephine
 19656 | Lair:5   | Reached XP level 13. HP: 86/86 MP: 26/26
 19925 | Lair:5   | Killed Josephine
 20714 | Lair:6   | Entered Level 6 of the Lair of Beasts
 20957 | Lair:6   | Reached skill level 10 in Spellcasting
 21099 | Lair:6   | Noticed a dire elephant
 21112 | Lair:6   | Reached skill level 1 in Conjurations
 21711 | Lair:6   | Got a bound garnet amulet
 21713 | Lair:6   | Identified the amulet "Qaed" {Acrobat MR+ Dex+3 Slay+3}
                  | (You found it on level 6 of the Lair of Beasts)
 22087 | Lair:6   | Reached ****** piety under Kikubaaqudgha
 22456 | Lair:6   | Found a viscous altar of Jiyva.
 22456 | Lair:6   | Found a staircase to the Slime Pits.
 22564 | Lair:6   | Killed a dire elephant
 22724 | Lair:6   | Got a pair of pitted boots
 22730 | Lair:6   | Identified the +2 pair of boots "Arelot" {rPois Regen+ SInv
                  | Stlth-} (You found it on level 6 of the Lair of Beasts)
 23120 | Swamp:1  | Entered Level 1 of the Swamp
 23310 | Lair:3   | Reached skill level 1 in Evocations
 23310 | Lair:3   | Reached XP level 14. HP: 93/93 MP: 29/29
 23443 | Orc:1    | Entered Level 1 of the Orcish Mines
 23458 | Orc:1    | Reached XP level 15. HP: 68/98 MP: 29/30
 23605 | Orc:2    | Entered Level 2 of the Orcish Mines
 23666 | Orc:2    | Found a roughly hewn altar of Beogh.
 24391 | Orc:2    | Reached skill level 10 in Short Blades
 24427 | Orc:2    | Found Qiloppoo's Antique Weapon Shop.
 24427 | Orc:2    | Found Xinliqir's Armour Emporium.
 24431 | Orc:2    | Found Zyhopan's Food Emporium.
 24431 | Orc:2    | Found Siarphol's Antique Weapon Boutique.
 24677 | Orc:2    | Found a staircase to the Elven Halls.
 25279 | Orc:1    | Found a roughly hewn altar of Beogh.
 25441 | Orc:1    | Found Xakaor's Magic Scroll Boutique.
 25451 | Orc:1    | Bought a scroll of teleportation for 39 gold pieces
 25451 | Orc:1    | Bought a scroll of blinking for 97 gold pieces
 25498 | Elf:1    | Entered Level 1 of the Elven Halls
 26142 | Elf:1    | HP: 2/98 [+7 battleaxe of flaming (7)]
 26143 | Elf:1    | Slain by a +7 battleaxe of flaming

Levels and vault maps discovered:
D:1:      scummos_arrival_simple_crosswalls, layout_basic
D:2:      layout_loops_corners, evilmike_ruin_ashenzari,
          chequers_temple_overflow_minitemple, uniq_jessica
D:3:      layout_basic, bloody_makhleb, first_ration, uniq_ijyb
D:4:      layout_gridville, minmay_temple_entry_drinking_statues, uniq_robin
D:5:      layout_gridville, nicolae_overflow_hidden_temple, uniq_menkaure
D:6:      layout_loops_ring, old_standard_altar, kennysheep_little_box,
          nicolae_overflow_crystal_walls, serial_rivers,
          chequers_serial_rivers_micro_b, chequers_serial_rivers_room_b,
          chequers_serial_rivers_room_b, chequers_serial_rivers_large_b,
          serial_bayou_pond_d, nemelex_lonely_heart_becter, uniq_sigmund
D:7:      layout_loops_ring, nemelex_xobeh_ov_fountains_minmay,
          lemuel_coloured_pillars_altar, grunt_ogre_cave, minmay_the_grid_2x2
          [minmay_the_grid_square_x, minmay_the_grid_minigrid_small_alt,
          minmay_the_grid_empty, minmay_the_grid_prize_diamond_cup]
D:8:      layout_basic, serial_shops, shop_coins, ebering_ghost_gozag
D:9:      cheibrodos_two_vegetables, layout_long_grid, kennysheep_mini,
          st_stairs_6, uniq_harold, uniq_psyche
D:10:     layout_loops_corners, dpeg_oklobed_lair, erik_orc_3
D:11:     layout_loops_corners, gauntlet_entry_generic,
          ebering_dispersal_statue_hall, grunt_ministairs_7,
          kennysheep_small_spiral, kennysheep_generic_room_4, uniq_sonja
D:12:     layout_roguey, serial_bayou_pond_c
Temple:   nicolae_temple_figure_zero
Lair:1:   layout_roguey [special_room_bee], serial_bayou_shore_b,
          grunt_megastairs_4, lemuel_fruit_tree
Lair:2:   layout_concentric_octagons, spider_nest_entry_rubble
Lair:3:   lemuel_reptile_caves, layout_regular_city, minmay_swamp_entry_worms,
          serial_bayou_shore_a, infiniplex_staircase_pool
Lair:4:   layout_misc_corridors, grunt_megastairs_3, uniq_snorg
Lair:5:   layout_cave_pods, basic_altar, nicolae_volcano_entry_vermiform,
          uniq_josephine
Lair:6:   gammafunk_lair_ancient_temple, layout_cave_pods,
          dpeg_slime_entry_enclosed_altar
Swamp:1:  layout_basic_swamp, nicolae_swamp_fairy_circle
Orc:1:    layout_caves, serial_shops, nicolae_shop_competitors_out_of_business,
          mines2_david
Orc:2:    st_orc_ogre_mass, layout_caves, basic_altar
Elf:1:    elf_arrival_002, layout_gridlike, enter_trove_2, mu_enter_wizlab_2,
          serial_shops, nicolae_shop_crystal, minmay_elf_crystal_heptagon,
          serial_sigils_hangedman_stare

Skill      XL: |  1  2  3  4  5  6  7  8  9 10 11 12 13 14 15 |
---------------+----------------------------------------------+-----
Dodging        | 3 4 6 8 9 10 12 13 14 | 14.8
Stealth        | 4 5 6 8 10 11 12 13 14 | 14.0
Spellcasting   | 3 4 5 7 9 11 12 | 12.4
Short Blades   | 1 2 4 6 7 8 9 10 | 10.2
Fighting       | 1 2 3 |  3.0
Necromancy     | 5 7 9 10 11 12 | 12.9
Throwing       | 1 2 3 |  3.0
Charms         | 1 2 |  2.4
Armour         | 1 2 |  2.2
Conjurations   | 2 |  2.9
Evocations     | 1 |  1.3

Action                   |  1- 3 |  4- 6 |  7- 9 | 10-12 | 13-15 || total
-------------------------+-------+-------+-------+-------+-------++-------
Melee: Unarmed           |    28 |       |       |       |       ||    28
       Bite              |     3 |    12 |    46 |   113 |   110 ||   284
       Short sword       |    34 |   134 |   425 |  1151 |   941 ||  2685
       Dagger            |       |    18 |       |       |       ||    18
Throw: Dart              |       |     3 |    12 |    33 |    18 ||    66
       Boomerang         |       |       |     5 |       |       ||     5
       Javelin           |       |       |       |     2 |       ||     2
 Cast: Pain              |    50 |    65 |    72 |    83 |    61 ||   331
       Animate Dead      |       |    11 |    18 |    48 |    54 ||   131
       Vampiric Draining |       |     8 |    12 |    41 |    52 ||   113
       Regeneration      |       |     1 |     2 |     3 |       ||     6
       Dispel Undead     |       |       |       |     9 |     6 ||    15
       Bolt of Draining  |       |       |       |       |    29 ||    29
  Use: Scroll            |       |     3 |    11 |     9 |     7 ||    30
       Potion            |       |     1 |     1 |     2 |     7 ||    11
 Stab: Sleeping          |     5 |    10 |     9 |    57 |     8 ||    89
       Distracted        |       |       |     2 |     5 |     7 ||    14
Armor: Robe              |    26 |    34 |   129 |   108 |       ||   297
       Skin              |       |     9 |       |       |       ||     9
       Leather armour    |       |       |       |    59 |   135 ||   194
Dodge: Dodged            |   100 |    95 |   345 |  1446 |  1238 ||  3224
